Map: Lightshade LE

Players

PartinG - Winner!

  • Race: Protoss Protoss
  • League: Grandmaster
  • Spawn Location: 11:00

SpeCial

  • Race: Terran Terran
  • League: Master
  • Spawn Location: 5:00

Event: ASUS ROG Online 2020

VOD

Have the link to the VOD?

Description

Time

  • Played on: Nov. 27, 2020, 7:49 a.m.
  • Length: 6:40

All games in this series

Show
View Real Time Build Order
Export as new Build Order

PartinG Protoss - Winner!

Build Orders: 1 Gate Expand 

Get SALT Encoding   

  12  0:07  Pylon  
  12  0:12  Probe  
  13  0:26  Gateway  
  13  0:29  Probe (Chrono Boost)  
  14  0:39  Probe (Chrono Boost)  
  14  0:40  Assimilator  
  15  0:44  Probe (Chrono Boost)  
  16  0:56  Probe  
  17  1:08  Probe  
  18  1:13  Cybernetics Core  
  18  1:20  Probe  
  19  1:30  Nexus  
  19  1:33  Probe  
  20  1:41  Pylon  
  20  1:46  Probe  
  21  1:47  Adept (Chrono Boost)  
  23  1:57  Assimilator  
  23  1:59  Probe  
  24  2:02  Warp Gate  
  24  2:08  Stalker (Chrono Boost)  
  24  2:13  Probe  
  27  2:25  Probe  
  28  2:30  Stalker  
  29  2:38  Probe  
  30  2:46  Probe  
  30  2:50  Shield Battery  
  31  2:51  Robotics Facility  
  31  2:53  Probe  
  32  2:59  Probe  
  32  3:06  Probe (Chrono Boost)  
  32  3:10  Stalker  
  32  3:11  Probe (Chrono Boost)  
  36  3:18  Probe (Chrono Boost)  
  37  3:22  Probe (Chrono Boost)  
  37  3:25  Probe (Chrono Boost)  
  39  3:27  Probe (Chrono Boost)  
  39  3:31  Gateway  
  40  3:40  Gateway, Probe x2  
  40  3:48  Warp Prism  
  42  3:58  Probe  
  42  3:59  Stalker  
  42  4:00  Probe  
  44  4:06  Shield Battery  
  44  4:15  Pylon  
  42  4:17  Pylon  
  42  4:23  Stalker  
  44  4:24  Probe  
  44  4:25  Observer  
  46  4:33  Probe  
  46  4:35  Stalker x2  
  51  4:41  Probe  
  51  4:45  Assimilator, Pylon, Probe  
  52  4:46  Assimilator  
  52  4:50  Robotics Bay  
  53  4:54  Observer  
  53  4:57  Stalker  
  53  4:58  Stalker  
  58  5:09  Stalker  
  60  5:16  Probe x2  
  60  5:19  Observer  
  63  5:27  Nexus  
  63  5:28  Probe x2  
  63  5:32  Observer  
  63  5:42  Probe  
  65  5:47  Stalker x2  
  68  5:51  Stalker  
  69  6:09  Twilight Council  
  69  6:10  Pylon  
  69  6:16  Stalker x3  
  65  6:18  Probe x2  
Show
View Real Time Build Order
Export as new Build Order

SpeCial Terran 

Build Orders: Hellion Banshee 

Get SALT Encoding   

  12  0:00  SCV  
  13  0:12  SCV  
  14  0:18  Supply Depot  
  14  0:24  SCV  
  15  0:40  SCV  
  15  0:41  Barracks  
  16  0:45  Refinery  
  16  0:52  SCV  
  16  0:54  Refinery  
  17  1:04  SCV  
  18  1:16  SCV  
  19  1:29  Orbital Command, Reaper  
  20  1:45  Supply Depot  
  20  1:46  Factory  
  20  1:55  SCV  
  21  2:01  Reaper  
  21  2:07  SCV  
  23  2:21  SCV  
  24  2:25  Command Center  
  24  2:32  Factory Reactor  
  24  2:33  SCV  
  24  2:36  Reaper  
  26  2:41  Supply Depot  
  25  2:45  SCV  
  26  2:52  Starport  
  26  2:57  SCV  
  26  3:09  Hellion x2, SCV  
  26  3:10  Reaper  
  32  3:22  SCV  
  32  3:26  Supply Depot  
  33  3:31  Hellion x2  
  36  3:36  Starport Tech Lab  
  36  3:40  Orbital Command  
  35  3:47  SCV  
  34  3:59  Hellion x2  
  34  4:00  Orbital Command  
  34  4:01  SCV  
  37  4:05  Cloaking Field  
  37  4:10  Banshee  
  37  4:16  SCV  
  41  4:26  Marine x2  
  41  4:28  SCV  
  41  4:31  Factory Tech Lab  
  43  4:35  SCV  
  44  4:38  Bunker  
  44  4:40  SCV  
  44  4:44  Marine x2  
  47  4:47  SCV  
  47  4:50  Cyclone  
  47  4:52  SCV  
  52  4:53  Supply Depot  
  52  4:54  Banshee  
  54  5:04  Marine x2  
  53  5:07  SCV x2  
  55  5:19  SCV x2  
  55  5:22  Marine x2  
  55  5:23  Siege Tank  
  56  5:32  SCV  
  51  5:37  SCV  
  51  5:39  Marine x2  
  51  5:44  SCV  
  51  5:49  Banshee, SCV  
  55  5:56  SCV  
  56  5:57  Marine x2  
  56  6:01  SCV  
  59  6:07  Siege Tank  
  58  6:15  Marine x2  
  50  6:21  SCV x2  
Tags
 
Add a new tag
Caveats
  • Supply blocks, unpowered buildings, or Contaminate may cause inaccurate times.
  • Supply counts are checked every 10 seconds.